cohdb
Replays
Latest Replays
All Replays
Popular Replays
Top Player Replays
Match Explorer
How It Works
Community
CoH3 Stats
Reddit
Sign in to upload your games and track your stats! →
Sign in with Steam
Match 45164250
Unlisted
Match 45164250
Overview
Messages
Build Orders
End
Vickers Machine Gun Team
Construct Section Command Post
Selects Indian Artillery Battlegroup
Infantry Section
Vickers Machine Gun Team
Infantry Section
Grenade Package
Infantry Section
Construct Platoon Command Post
6-pounder Anti-tank Gun Team
Selects Valour
Selects Gurkha Rifles Section
Selects Artillery Saturation
CMP 15cwt Truck
Construct Company Command Post
Selects Off-map Airburst Barrage
Foot Guards Section
Off-map Airburst Barrage
Matilda II Heavy Tank
Off-map Airburst Barrage
Crusader II Medium Tank
Off-map Airburst Barrage
Selects Perimeter Monitor
Crusader II Medium Tank
Off-map Airburst Barrage
Off-map Airburst Barrage
Selects Pillage
Matilda II Heavy Tank
Off-map Airburst Barrage
Matilda II Heavy Tank
Off-map Airburst Barrage
Gurkha Rifles Section
Off-map Airburst Barrage
Off-map Airburst Barrage
Necromancer
Whiteweedoo
go4victory
Anton
pepsi922
The Green Candle
0
0
Comments
sign in to comment!
No comments posted yet!